 Dungeon Crawl Stone Soup version 0.29-a0-284-gf9362112df (webtiles) character file.

Game seed: 2999420958546229418

198 rabbitsville the Protected (level 5, -2/47 HPs)
             Began as a Gnoll Wanderer on Mar 16, 2022.
             Was a Believer of Kikubaaqudgha.
             Slain by a wyvern (4 damage)
             ... on level 4 of the Dungeon.
             The game lasted 00:09:52 (2705 turns).

rabbitsville the Protected (Gnoll Wanderer)         Turns: 2705, Time: 00:09:53

Health: -2/47      AC: 11    Str: 12    XL:     5   Next: 77%
Magic:  7/7        EV: 14    Int: 12    God:    Kikubaaqudgha [**....]
Gold:   195        SH:  5    Dex: 12    Spells: 7/7 levels left

rFire   . . .      SeeInvis +   w - +8 mace "Nuodas" {vorpal, Stlth+}
rCold   . . .      Faith    .   e - +0 buckler {AC+3}
rNeg    . . .      Spirit   .   c - +0 ring mail
rPois   .          Reflect  .   j - +0 helmet
rElec   .          Harm     .   (no cloak)
rCorr   .          Rampage  .   (no gloves)
Will    .....                   (no boots)
Stlth   ++........              (no amulet)
HPRegen 0.15/turn               o - ring of see invisible
MPRegen 0.10/turn               r - +4 ring of evasion

@: lethally poisoned (-2 -> -16)
A: fangs 1, strong nose, distributed training
a: Renounce Religion, Receive Corpses


You were on level 4 of the Dungeon.
You worshipped Kikubaaqudgha.
Kikubaaqudgha was pleased with you.
You visited 1 branch of the dungeon, and saw 4 of its levels.

You collected 195 gold pieces.

Inventory:

Hand Weapons
 q - a +2 flail of holy wrath
 w - the +8 mace "Nuodas" (weapon) {vorpal, Stlth+}
   (You found it on level 4 of the Dungeon)

   It inflicts extra damage upon your enemies.
   Stlth:     It makes you more stealthy.
Missiles
 f - 3 poisoned darts (quivered)
 t - 3 curare-tipped darts
Armour
 c - a +0 ring mail (worn)
 e - a +0 buckler of protection (worn)
 j - a +0 helmet (worn)
Jewellery
 o - a ring of see invisible (left hand)
 r - a +4 ring of evasion (right hand)
Scrolls
 d - a scroll of fog
 i - a scroll of amnesia {unknown}
 k - a scroll of identify {unknown}
 l - a scroll of enchant armour {unknown}
 m - 3 scrolls of teleportation {unknown}
 n - a scroll of fear {unknown}
 s - a scroll of blinking {unknown}
 u - a scroll of enchant weapon {unknown}
 v - a scroll of holy word {unknown}
Potions
 a - a potion of brilliance {unknown}
 b - 3 potions of lignification
 g - a potion of invisibility {unknown}
 h - a potion of resistance {unknown}
 p - 2 potions of might {unknown}


   Skills:
 + Level 6.7 Fighting
 + Level 1.6 Short Blades
 + Level 1.6 Long Blades
 + Level 1.6 Axes
 + Level 1.6 Maces & Flails
 + Level 1.6 Polearms
 + Level 1.6 Staves
 + Level 1.6 Slings
 + Level 1.6 Bows
 + Level 1.6 Crossbows
 + Level 3.0 Throwing
 + Level 8.7 Armour
 + Level 1.6 Dodging
 + Level 1.6 Stealth
 + Level 4.8 Shields
 + Level 1.6 Unarmed Combat
 + Level 1.6 Spellcasting
 + Level 1.3 Conjurations
 + Level 1.3 Hexes
 + Level 1.3 Summonings
 + Level 1.3 Necromancy
 + Level 1.3 Translocations
 + Level 1.3 Transmutations
 + Level 1.3 Fire Magic
 + Level 1.3 Ice Magic
 + Level 1.3 Air Magic
 + Level 1.3 Earth Magic
 + Level 1.3 Poison Magic
 + Level 1.8 Invocations
 + Level 1.6 Evocations


You had 7 spell levels left.
You didn't know any spells.
Your spell library contained the following spells:

 Spells                   Type           Power      Damage    Failure   Level
 Animate Skeleton         Necr           8%         N/A       38%         1
 Pain                     Necr           16%        1d4       38%         1
 Sting                    Tmut/Pois      16%        1d3       38%         1
 Summon Small Mammal      Summ           16%        N/A       38%         1
 Blink                    Tloc           8%         N/A       54%         2
 Poisonous Vapours        Pois/Air       8%         N/A       54%         2
 Sublimation of Blood     Necr           4%         N/A       54%         2
 Call Canine Familiar     Summ           4%         N/A       77%         3
 Confusing Touch          Hex            4%         N/A       77%         3
 Lesser Beckoning         Tloc           4%         N/A       77%         3
 Summon Guardian Golem    Hex/Summ       4%         N/A       77%         3
 Vampiric Draining        Necr           4%         2d6       77%         3
 Olgreb's Toxic Radiance  Pois           4%         N/A       99%         4
 Manifold Assault         Tloc           4%         N/A       100%        5
 Yara's Violent Unravell  Hex/Tmut       2%         3d3       100%        5
 Enfeeble                 Hex            2%         N/A       100%        7


Dungeon Overview and Level Annotations

Branches:
Dungeon (4/15)
 Temple: D:4-7

Altars:
Ashenzari
Kikubaaqudgha


Innate Abilities, Weirdness & Mutations

You have very sharp teeth.
Your uncanny sense of smell can sniff out nearby items.
Your experience applies equally to all skills.


Message History

You kill the scorpion!
Kikubaaqudgha accepts your kill.
Your Throwing skill increases to level 3!
There is an open door here.
Things that are here:
a scorpion corpse; an iguana corpse As you open the door, it creaks loudly!
There is an open door here.
You open the door.
There is an open door here.
You open the door.
Found a scroll labelled QAUVUU FAPIM.
There is an open door here.
m - 3 scrolls labelled QAUVUU FAPIM (gained 1)
Found 14 gold pieces.
A wyvern comes into view.
A scorpion comes into view.
The wyvern hisses angrily.
The wyvern barely misses you. You block the wyvern's attack.
You thump the wyvern!
The wyvern is moderately wounded.
The wyvern barely misses you. The wyvern bites you!
You hit the wyvern but do no damage.
The wyvern is moderately wounded.
You block the wyvern's attack.
The wyvern bites you but does no damage.
You hit the wyvern.
The wyvern is heavily wounded.
The wyvern bites you! x2
You thump the scorpion!
You bite the scorpion, but do no damage.
The scorpion is almost dead.
The wyvern bites you!
* * * LOW HITPOINT WARNING * * *
The scorpion stings you.
* * * LOW HITPOINT WARNING * * *
You are lethally poisoned!
The scorpion poisons you! The wyvern bites you.
You die...
Kikubaaqudgha rasps: "You have failed me!
Welcome... death!"

...........#......
$..........+.......
..........#########+
#..................
#..................
#.................. ∆
+..................
.###+#..................
......s@######+########'
......l.# #...........
........+ #...........
........# #...........
........##+####'########
##..........##...###
#........>.#......#
#..........#......#
#..........#......#


You could see a wyvern and a scorpion.

Vanquished Creatures
  A scorpion (D:4)
  2 iguanas (D:4)
  An adder (D:2)
  A white imp (D:3)
  2 worms
  4 dart slugs
  7 ball pythons
  7 bats
  5 endoplasms
  5 giant cockroaches
  2 goblins (D:2)
  4 hobgoblins
  6 kobolds
  3 quokkas
  4 frilled lizards
  3 rats
57 creatures vanquished.

Vanquished Creatures (others)
  4 plants
4 creatures vanquished.

Grand Total: 61 creatures vanquished

Notes
Turn   | Place    | Note
-------+----------+-------------------------------------------
     0 | D:1      | rabbitsville the Gnoll Wanderer began the quest for the
                  | Orb.
     0 | D:1      | rabbitsville set off with the following items: a +0 club, a
                  | potion of lignification, a +0 ring mail, a scroll of fog, a
                  | +0 buckler of protection
     0 | D:1      | Reached XP level 1. HP: 23/23 MP: 1/1
    74 | D:1      | Found a faded altar of an unknown god.
    85 | D:1      | Prayed at the altar of an unknown god.
    85 | D:1      | Became a worshipper of Kikubaaqudgha
    85 | D:1      | Reached * piety under Kikubaaqudgha
    85 | D:1      | Received a gift from Kikubaaqudgha
   111 | D:1      | Reached XP level 2. HP: 29/29 MP: 2/2
   897 | D:2      | Reached XP level 3. HP: 35/35 MP: 3/3
  1246 | D:2      | Reached skill level 1 in Invocations
  1394 | D:2      | Reached skill level 1 in Short Blades
  1394 | D:2      | Reached skill level 1 in Long Blades
  1394 | D:2      | Reached skill level 1 in Axes
  1394 | D:2      | Reached skill level 1 in Maces & Flails
  1394 | D:2      | Reached skill level 1 in Polearms
  1394 | D:2      | Reached skill level 1 in Staves
  1394 | D:2      | Reached skill level 1 in Slings
  1394 | D:2      | Reached skill level 1 in Bows
  1394 | D:2      | Reached skill level 1 in Crossbows
  1394 | D:2      | Reached skill level 1 in Dodging
  1394 | D:2      | Reached skill level 1 in Stealth
  1394 | D:2      | Reached skill level 1 in Unarmed Combat
  1394 | D:2      | Reached skill level 1 in Spellcasting
  1394 | D:2      | Reached skill level 1 in Evocations
  1458 | D:2      | Identified the +1 ring mail of Least Resistance {Str+3
                  | Stlth-}
  1473 | D:2      | Reached ** piety under Kikubaaqudgha
  1749 | D:3      | Reached XP level 4. HP: 41/41 MP: 5/5
  2379 | D:4      | Reached skill level 1 in Conjurations
  2379 | D:4      | Reached skill level 1 in Hexes
  2379 | D:4      | Reached skill level 1 in Summonings
  2379 | D:4      | Reached skill level 1 in Necromancy
  2379 | D:4      | Reached skill level 1 in Translocations
  2379 | D:4      | Reached skill level 1 in Transmutations
  2379 | D:4      | Reached skill level 1 in Fire Magic
  2379 | D:4      | Reached skill level 1 in Ice Magic
  2379 | D:4      | Reached skill level 1 in Air Magic
  2379 | D:4      | Reached skill level 1 in Earth Magic
  2379 | D:4      | Reached skill level 1 in Poison Magic
  2466 | D:4      | Found a broken altar of Ashenzari.
  2491 | D:4      | Identified the +8 mace "Nuodas" {vorpal, Stlth+}
  2633 | D:4      | Noticed a scorpion
  2643 | D:4      | Reached XP level 5. HP: 38/47 MP: 5/7
  2699 | D:4      | Noticed a wyvern
  2705 | D:4      | HP: 2/47 [scorpion (4)]
  2705 | D:4      | Slain by a wyvern

Illustrated notes

Levels and vault maps discovered:
D:1:      amcnicky_arrival_single_pillar, layout_rooms, serial_forest,
          infiniplex_forest_corner_1, infiniplex_forest_pool,
          infiniplex_forest_clump_tiny, infiniplex_forest_clump_small,
          infiniplex_forest_clump_small, infiniplex_forest_corner_1,
          infiniplex_forest_clump_medium, basic_ecumenical_altar,
          hangedman_decor_peaks_small, columned_hall_lemuel,
          minmay_misc_feat_tower
D:2:      layout_loops_corners
D:3:      layout_basic
D:4:      layout_gridville, ashenzari_conservatory_becter, serial_bayou_pond_c

Skill      XL: |  1  2  3  4  5 |
---------------+----------------+-----
Invocations    | 1 |  1.8
Short Blades   | 1 |  1.6
Long Blades    | 1 |  1.6
Axes           | 1 |  1.6
Maces & Flails | 1 |  1.6
Polearms       | 1 |  1.6
Staves         | 1 |  1.6
Slings         | 1 |  1.6
Bows           | 1 |  1.6
Crossbows      | 1 |  1.6
Dodging        | 1 |  1.6
Stealth        | 1 |  1.6
Unarmed Combat | 1 |  1.6
Spellcasting   | 1 |  1.6
Evocations     | 1 |  1.6
Conjurations   | 1 |  1.3
Hexes          | 1 |  1.3
Summonings     | 1 |  1.3
Necromancy     | 1 |  1.3
Translocations | 1 |  1.3
Transmutations | 1 |  1.3
Fire Magic     | 1 |  1.3
Ice Magic      | 1 |  1.3
Air Magic      | 1 |  1.3
Earth Magic    | 1 |  1.3
Poison Magic   | 1 |  1.3
Throwing       | 3 |  3.0
Fighting       | |  6.7
Armour         | |  8.7
Shields        | |  4.8

Action                   |  1- 3 |  4- 6 || total
-------------------------+-------+-------++-------
Melee: Short sword       |   173 |     1 ||   174
       Club              |    12 |       ||    12
       Bite              |    18 |     6 ||    24
       Flail             |       |    44 ||    44
       Mace              |       |    19 ||    19
 Stab: Sleeping          |       |     1 ||     1
Armor: Ring mail         |    76 |    25 ||   101
Dodge: Dodged            |    90 |    40 ||   130
Block: Buckler           |    42 |    20 ||    62

Table legend: (Time is in decaauts)
 A = Elapsed time spent in this place.
 B = Non-inter-level travel time spent in this place.
 C = Inter-level travel time spent in this place.
 D = Time resting spent in this place.
 E = Time spent auto-exploring this place.
 F = Levels seen in this place.
 G = Mean time per level.
                   A        B        C        D        E       F      G
               +--------+--------+--------+--------+--------+-----+--------+
         Total |   2754 |   2705 |     49 |      0 |   1376 |   4 |  688.5 |
       Dungeon |   2754 |   2705 |     49 |      0 |   1376 |   4 |  688.5 |
               +--------+--------+--------+--------+--------+-----+--------+

Top non-repeatable levels by time:
     D:2: 1001 daAuts
     D:1: 746 daAuts
     D:3: 631 daAuts
     D:4: 375 daAuts
